 Dungeon Crawl Stone Soup version 0.32-a0-614-gd166fa89d2 (webtiles) character file.

Game seed: 14176483127173213432

139 petercordia the Trooper (level 5, -3/37 (43) HPs)
             Began as a Coglin Artificer on Mar 5, 2024.
             Slain by an orc
             ... wielding a +1 flail of draining
              (6 damage)
             ... on level 4 of the Dungeon.
             The game lasted 00:03:34 (2451 turns).

petercordia the Trooper (Coglin Artificer)          Turns: 2451, Time: 00:03:36

HP:   -3/37 (43)    AC:  4    Str: 13    XL:     5   Next: 22%
MP:   5/5           EV: 11    Int: 10    God:
Gold: 154           SH:  0    Dex: 16    Spells: 4/4 levels left

rFire   . . .        m - +0 sling {Agustín}
rCold   . . .        q - +0 sling {Bo}
rNeg    . . .        b - +0 leather armour
rPois   .            (no helmet)
rElec   .            p - +0 cloak
rCorr   .            (no gloves)
SInv    .            (no boots)
Will    .....        (amulet unavailable)
Stlth   +            (ring unavailable)
HPRegen 0.26/turn    (ring unavailable)
MPRegen 0.09/turn    (no gizmo)

%: no passive effects
@: heavily drained, revving
A: off-hand wielding, slow wielding, warmup strikes, no jewellery
a: Invent Gizmo


You were on level 4 of the Dungeon.
You visited 1 branch of the dungeon, and saw 4 of its levels.

You collected 154 gold pieces.

Inventory:

Hand Weapons
 f - a +0 dagger {Johann}
 g - a +0 dagger {Ari}
 m - a +0 sling (weapon) {Agustín}
 q - a +0 sling (offhand) {Bo}
Missiles
 l - 2 boomerangs
 s - 6 poisoned darts
Armour
 b - a +0 leather armour (worn)
 p - a +0 cloak (worn)
Wands
 c - a wand of flame (14)
 d - a wand of charming (14)
 e - a wand of iceblast (5)
 u - a wand of digging (1)
Scrolls
 a - a scroll of poison {unknown}
 h - a scroll of amnesia {unknown}
 i - 2 scrolls of identify {unknown}
 j - a scroll of enchant armour {unknown}
 k - a scroll of immolation {unknown}
 n - 2 scrolls of teleportation {unknown}
 o - 2 scrolls of silence {unknown}
 r - a scroll of fog {unknown}
 t - a scroll of enchant weapon {unknown}
 w - a scroll of revelation {unknown}
 y - a scroll of noise {unknown}
 C - a scroll of blinking {unknown}
Potions
 v - a potion of invisibility {unknown}
 x - a potion of lignification {unknown}
 z - 2 potions of attraction {unknown}
 A - a potion of resistance {unknown}
 B - a potion of enlightenment {unknown}


   Skills:
 + Level 4.9 Fighting
 - Level 1.7 Armour
 - Level 0.8 Dodging
 - Level 0.7 Stealth
 - Level 4.0 Evocations


You had 4 spell levels left.
You didn't know any spells.
Your spell library contained the following spells:

 Spells                   Type           Power      Damage    Failure   Level
 Necrotise                Necr           0%         1d4       43%         1
 Inner Flame              Hex/Fire       0%         N/A       82%         3
 Vampiric Draining        Necr           0%         2d6       82%         3
 Martyr's Knell           Necr/Summ      0%         N/A       99%         4
 Curse of Agony           Necr           0%         N/A       100%        5
 Irradiate                Conj/Alch      0%         3d11      100%        5
 Ignition                 Fire           0%         3d3       100%        8


Dungeon Overview and Level Annotations

Branches:
Dungeon (4/15)
 Temple: D:4-7

Altars:
Gozag
Kikubaaqudgha


Innate Abilities, Weirdness & Mutations

You can wield a second weapon in your off-hand.
It takes a long time for you to wield or remove held weapons.
Your first few attacks do less damage.
You cannot equip rings or amulets.


Message History

You shoot a sling bullet.
The sling bullet closely misses the orc.
The orc closely misses you. The orc barely misses you.
Unknown command.
You shoot a sling bullet.
The sling bullet hits the orc but does no damage.
The orc is heavily wounded.
You shoot a sling bullet. The sling bullet barely misses the orc.
The orc hits you with a +0 hand axe.
The orc hits you with a +1 flail of draining.
You feel drained.
You are too injured to fight recklessly!
Unknown command.
Fire: m) +0 sling {Agustín}
Press: ? - help, Shift-Dir - straight line, f/p - orc
Aim: an orc, wielding a +1 flail of draining and wearing a +0 ring mail (heavily wounded, 63% to hit)
You shoot a sling bullet. The sling bullet barely misses the orc.
You shoot a sling bullet. The sling bullet hits the orc.
The orc is almost dead.
The orc closely misses you. The orc hits you but does no damage.
You feel drained.
The orc hits you with a +1 flail of draining!
* * * LOW HITPOINT WARNING * * *
You feel drained.
* * * LOW HITPOINT WARNING * * *
The orc closely misses you.
Unknown command.
Aiming: Charm
Press: ? - help, Shift-Dir - straight line, f - orc, p - orc
Aim: an orc, wielding a +0 hand axe (chance to affect: 75%)
The orc is charmed.
The orc barely misses you.
Unknown command.
Your orc barely misses the orc.
Aiming: Throw Flame
Press: ? - help, Shift-Dir - straight line, f - orc, p - orc
Aim: an orc, wielding a +1 flail of draining and wearing a +0 ring mail (severely wounded, 75% to hit)
The puff of flame hits the orc.
The orc is almost dead.
The orc hits you with a +1 flail of draining.
You die...

.....# ### ### .....# #.#
.... .....# #.####....
.....# ######.........
.....# #####..............
.....###........@oo..)))..
.>.......#..>......?....>#
.........#..............##
.....###................#
.....# ###..............#
.....#####.............##
..........#.#...........#
##..........#.............
#........###...........##


You could see an orc (ally target) and a friendly orc (charmed).

Vanquished Creatures
  A jelly (D:4)
  3 gnolls
  An adder (D:3)
  2 dart slugs
  4 orcs
  5 ball pythons
  5 bats
  4 endoplasms
  8 goblins
  7 hobgoblins
  2 jackals (D:3)
  3 quokkas
  5 frilled lizards
  6 kobolds
  4 rats
60 creatures vanquished.

Notes
Turn   | Place    | Note
-------+----------+-------------------------------------------
     0 | D:1      | petercordia the Coglin Artificer began the quest for the
                  | Orb.
     0 | D:1      | Reached XP level 1. HP: 15/15 MP: 1/1
   168 | D:1      | Reached XP level 2. HP: 22/22 MP: 2/2
   946 | D:2      | Reached XP level 3. HP: 28/28 MP: 3/3
  1457 | D:2      | Reached XP level 4. HP: 21/37 MP: 4/4
  2004 | D:3      | Found an opulent altar of Gozag.
  2126 | D:3      | Found an ancient bone altar of Kikubaaqudgha.
  2388 | D:4      | Reached XP level 5. HP: 43/43 MP: 5/5
  2451 | D:4      | Slain by an orc

Illustrated notes

Levels and vault maps discovered:
D:1:      dpeg_arrival_tiny_g, layout_basic, hangedman_glass_teeth
D:2:      layout_rooms, grunt_ministairs_7, hangedman_abyss_or_decor_lesser_grid
D:3:      layout_basic, kiku_gazebo_garden_becter, mainiacjoe_overflow_alcove_1
D:4:      layout_rooms, chequers_serial_rivers_large_b, interstate_on_off

Skill      XL: |  1  2  3  4 |
---------------+-------------+-----
Fighting       | 2 3 4 |  4.9
Armour         | |  1.7
Dodging        | |  0.8
Stealth        | |  0.7
Evocations     | |  4.0

Action                     |  1- 3 |  4- 6 || total
---------------------------+-------+-------++-------
  Melee: Dagger            |   105 |       ||   105
         Club              |     5 |       ||     5
   Fire: Sling             |    62 |   146 ||   208
  Evoke: Wand              |       |     2 ||     2
   Stab: Sleeping          |     1 |       ||     1
 Armour: Leather armour    |    40 |    29 ||    69
  Dodge: Dodged            |    49 |    26 ||    75

Table legend: (Time is in decaauts)
 A = Elapsed time spent in this place.
 B = Non-inter-level travel time spent in this place.
 C = Inter-level travel time spent in this place.
 D = Time resting spent in this place.
 E = Time spent auto-exploring this place.
 F = Levels seen in this place.
 G = Mean time per level.
                   A        B        C        D        E       F      G
               +--------+--------+--------+--------+--------+-----+--------+
         Total |   2498 |   2376 |    122 |    112 |   1834 |   4 |  624.5 |
       Dungeon |   2498 |   2376 |    122 |    112 |   1834 |   4 |  624.5 |
               +--------+--------+--------+--------+--------+-----+--------+

Top non-repeatable levels by time:
     D:3: 886 daAuts
     D:1: 857 daAuts
     D:2: 664 daAuts
     D:4: 89 daAuts
